 Dungeon Crawl Stone Soup version 0.23.2-1-ga50397a (webtiles) character file.

Game seed: 8309398317356854593

37 Fortress the Stinger (level 3, -4/28 HPs)
             Began as a Naga Venom Mage on June 2, 2019.
             Slain by a worm (7 damage)
             ... on level 2 of the Dungeon.
             The game lasted 00:04:22 (1512 turns).

Fortress the Stinger (Naga Venom Mage)              Turns: 1512, Time: 00:04:22

Health: -4/28      AC:  2    Str: 10    XL:     3   Next: 41%
Magic:  0/6        EV: 10    Int: 16    God:
Gold:   77         SH:  0    Dex: 11    Spells: 5/6 levels left

rFire    . . .     SeeInvis +   d - +0 short sword
rCold    . . .     Gourm    .   (no shield)
rNeg     . . .     Faith    .   a - +0 robe
rPois    +         Spirit   .   (no helmet)
rElec    .         Reflect  .   (no cloak)
rCorr    .         Harm     .   (no gloves)
MR       .....                  (no barding)
Stlth    ++........             (no amulet)
HPRegen  0.09/turn              (no ring)
MPRegen  0.10/turn              (no ring)

@: very slow
A: large, see invisible, deformed body, poison resistance, slowness 2, slow
metabolism 1, spit poison 1, AC +1
a: Spit Poison


You were on level 2 of the Dungeon.
You were hungry.

You visited 1 branch of the dungeon, and saw 2 of its levels.

You collected 77 gold pieces.

Inventory:

Hand Weapons
 d - a +0 short sword (weapon)
Missiles
 g - 25 poisoned needles
 h - 2 curare-tipped needles
Armour
 a - a +0 robe (worn)
Scrolls
 b - 2 scrolls of remove curse {unknown}
 i - a scroll of teleportation {unknown}
 j - a scroll of enchant armour {unknown}
 l - 2 scrolls of enchant weapon {unknown}
 o - a scroll of identify {unknown}
Potions
 e - 3 potions of lignification {unknown}
 f - a potion of curing {unknown}
 k - a potion of heal wounds {unknown}
 n - a potion of resistance {unknown}
Comestibles
 c - 3 rations


   Skills:
 + Level 0.7 Short Blades
 + Level 1.7 Dodging
 + Level 3.4 Stealth
 + Level 2.3 Spellcasting
 + Level 1.6 Conjurations
 + Level 4.5 Poison Magic


You had 5 spell levels left.
You knew the following spells:

 Your Spells              Type           Power        Failure   Level  Hunger
a - Sting                 Conj/Pois      ##..         6%          1    #......

Your spell library contained the following spells:

 Spells                   Type           Power        Failure   Level  Hunger
 Poisonous Vapours        Pois/Air       #.....       12%         2    ###....
 Mephitic Cloud           Conj/Pois/Air  #.......     26%         3    ###....
 Olgreb's Toxic Radiance  Pois           ###.....     30%         4    #####..
 Venom Bolt               Conj/Pois      ##........   85%         5    ######.


Dungeon Overview and Level Annotations

Branches:
Dungeon (2/15)

Altars:
Elyvilon
Xom


Innate Abilities, Weirdness & Mutations

You cannot wear boots.
Your serpentine skin is tough. (AC +1)
You have supernaturally acute eyesight. (SInv)
Armour fits poorly on your strangely shaped body.
Your system is resistant to poisons. (rPois)
You cover ground very slowly.
You have a slow metabolism.
You can spit poison.


Message History

Confirm with . or Enter, or press ? or * to list all spells.
Aiming: Sting (safe; 6% risk of failure)
Press: ? - help, Shift-Dir - straight line, f/p - worm
Aim: a worm (heavily wounded)
The sting hits the worm.
The worm is severely wounded.
You hit the worm.
The worm is almost dead.
The worm bites you!
Your magical contamination has completely faded away.
You hit the worm but do no damage.
The worm is severely wounded.
The worm bites you!
* * * LOW HITPOINT WARNING * * *
You completely miss the worm.
The worm is severely wounded.
You hit the worm but do no damage.
The worm is severely wounded.
The worm bites you!
You die...

#......#
#......##
≈≈≈..
#.......##
≈≈≈...
#..†.....###
.....♣
#..........#
....♣
######.....#
♣...♣♣
#####......#
♣♣.....♣♣
...##...<..#
♣♣.......♣♣
....#......#
♣.@w≈≈≈...♣
...........#
♣♣..≈≈≈≈≈..♣♣
...........#
♣...≈≈_≈≈...♣
...........#
♣♣..≈≈≈≈≈..♣
...........#
♣...≈≈≈...♣
..........>#
♣♣.......♣
...........#
♣♣.....♣♣
...........#
♣♣...♣♣
...##......#
♣♣.....♣♣


You could see a worm.

Vanquished Creatures
  An adder (D:2)
  An ooze (D:1)
  A worm (D:2)
  A leopard gecko (D:1)
  3 giant cockroaches
  3 hobgoblins
  6 bats
  A kobold (D:2)
  3 rats
20 creatures vanquished.

Notes
Turn   | Place    | Note
-------+----------+-------------------------------------------
     0 | D:1      | Fortress the Naga Venom Mage began the quest for the Orb.
     0 | D:1      | Reached XP level 1. HP: 15/15 MP: 3/3
   150 | D:1      | Reached XP level 2. HP: 15/22 MP: 0/5
  1205 | D:2      | Reached XP level 3. HP: 28/28 MP: 3/6
  1227 | D:2      | Found a shimmering altar of Xom.
  1483 | D:2      | Found a white marble altar of Elyvilon.
  1512 | D:2      | Slain by a worm

Action                   || total
-------------------------++-------
Melee: Unarmed           ||    11
       Short sword       ||    35
 Cast: Sting             ||    38
 Stab: Sleeping          ||     1
  Eat: Chunk             ||     1
Armor: Robe              ||    11
Dodge: Dodged            ||    23
